 Dungeon Crawl Stone Soup version 0.18-a0-1782-gb76a692 (webtiles) character file.

98679 Ijustatesigmund the Brawler (level 15, -1/153 HPs)
             Began as a Troll Hunter on Apr 17, 2016.
             Was the Champion of Okawaru.
             Slain by a 14-headed hydra (10 damage)
             ... on level 8 of the Lair of Beasts.
             The game lasted 01:39:24 (24234 turns).

Ijustatesigmund the Brawler (Troll Hunter)         Turns: 24234, Time: 01:39:26

Health: -1/153     AC: 19    Str: 24    XL:     15   Next: 75%
Magic:  15/18      EV: 14    Int: 10    God:    Okawaru [******]
Gold:   892        SH:  0    Dex: 21    Spells: 4 memorised, 8 levels left

rFire  . . .     SeeInvis .       - Unarmed
rCold  + . .     Gourm    +     W - +2 swamp dragon armour
rNeg   . . .     Faith    +     (no shield)
rPois  +         Spirit   .     J - +1 hat {Int+3}
rElec  .         Dismiss  .     e - +2 cloak {MR+}
rCorr  .         Reflect  .     (gloves unavailable)
SustAt .         Harm     .     (boots unavailable)
MR     ++...                    v - amulet of faith
Stlth  ++........               D - ring "Nixe Huo" {rC+ Dex+6}
                                C - +3 ring of evasion

@: finesse, slowed, studying Staves, repel missiles, heavily drained, very slow,
very resistant to hostile enchantments, unstealthy
A: unfitting armour, claws 3, blink, fast metabolism 3, gourmand, regeneration
2, shaggy fur 1, tough skin 2
a: Blink, Heroism, Finesse, Renounce Religion


You were on level 8 of the Lair of Beasts.
You worshipped Okawaru.
Okawaru was exalted by your worship.
You were completely stuffed.

You visited 3 branches of the dungeon, and saw 25 of its levels.
You also visited: Labyrinth, Ossuary and Bailey.

You collected 2514 gold pieces.
You spent 1622 gold pieces at shops.

Inventory:

Hand Weapons
 c - a +0 morningstar of protection
 q - a +1 morningstar of holy wrath
 V - a +1 glaive of protection
Missiles
 d - 6 throwing nets
 y - 20 large rocks (quivered)
Armour
 e - a +2 cloak of magic resistance (worn)
 I - a +1 shield of cold resistance
 J - a +1 hat of intelligence (worn)
 W - a +2 swamp dragon armour (worn)
Jewellery
 i - an uncursed ring of resist corrosion
 v - an amulet of faith (around neck)
 B - an uncursed ring of protection from fire
 C - a +3 ring of evasion (left claw)
 D - the ring "Nixe Huo" (right claw) {rC+ Dex+6}
   (You found it on level 6 of the Dungeon)

   [ring of protection from cold]

   It affects your dexterity (+6).
   It protects you from cold.
 P - an uncursed amulet of magic regeneration
 R - an uncursed ring of positive energy
 Y - an uncursed ring of wizardry
Wands
 j - a wand of paralysis (9/24)
 m - a wand of digging (8/24)
 r - a wand of digging (1/24)
 u - a wand of teleportation (4/9)
 F - a wand of hasting (4/9)
 L - a wand of teleportation (6/9)
 O - a wand of polymorph (17/24)
 Q - a wand of acid (0/15)
Scrolls
 n - 2 scrolls of recharging
 o - 4 scrolls of enchant weapon
 p - 2 scrolls of immolation
 s - 2 scrolls of magic mapping
 G - a scroll of blinking
 S - a scroll of remove curse
 X - 2 scrolls of fog
 Z - a scroll of vulnerability {unknown}
Potions
 a - 2 potions of flight
 g - a potion of cancellation {unknown}
 h - a potion of lignification
 l - 3 potions of heal wounds
 t - 3 potions of mutation
 w - 2 potions of might
 x - 3 potions of curing
 A - 3 potions of resistance
 E - 2 potions of brilliance
 K - a potion of agility
 M - 2 potions of ambrosia {unknown}
 U - 2 potions of haste {unknown}
Books
 N - a manual of Staves
Comestibles
 f - 22 bread rations
 k - 12 fruits
 z - 6 meat rations
 H - 7 beef jerkies


   Skills:
 + Level 11.1(9.5) Fighting
 + Level 8.4(7.0) Throwing
 - Level 11.0(9.5) Armour
 - Level 4.5(3.2) Dodging
 - Level 3.0(1.7) Stealth
 + Level 16.3(14.6) Unarmed Combat
 - Level 2.4(1.2) Charms
 - Level 2.1(0.9) Summonings
 - Level 2.5(1.3) Air Magic
 + Level 6.5(5.1) Invocations


You had 8 spell levels left.
You knew the following spells:

 Your Spells              Type           Power        Failure   Level  Hunger
a - Summon Butterflies    Summ           #.......     43%         1    ##.....
b - Apportation           Tloc           #.........   56%         1    ##.....
c - Repel Missiles        Chrm/Air       #.....       56%         2    ###....
d - Swiftness             Chrm/Air       #.......     56%         2    ###....


Dungeon Overview and Level Annotations

Branches:
Dungeon (15/15)            Temple (0/1) D:4            Lair (8/8) D:9
  Swamp (0/4) Lair:4       Spider (0/4) Lair:3        Slime (0/6) Lair:7
    Orc (2/2) D:12            Elf (0/3) Orc:2        Vaults (0/5) D:13
 Depths (0/5) D:15

Altars:
Cheibriados
Dithmenos
Elyvilon
Fedhas
Kikubaaqudgha
Makhleb
Nemelex Xobeh
Okawaru
Pakellas
Qazlal
Trog
Xom
Zin

Shops:
D:5 ?   D:9 *   D:13 ***=}   Orc:2 =*[(

Annotations:
Lair:2 exclusion: oklob plant
Lair:7 exclusion: oklob plant
Lair:8 exclusion: oklob plant


Innate Abilities, Weirdness & Mutations

You are too large for most types of armour.
You have claws for hands.
Your metabolism is lightning-fast.
You like to eat raw meat.
You heal very quickly.
You are covered in fur (AC +1).
You have very tough skin (AC +2).
You can translocate small distances at will.


Message History

The 14-headed hydra bites you but does no damage. x2
The 14-headed hydra misses you. The 14-headed hydra bites you!
* * * LOW HITPOINT WARNING * * *
The 14-headed hydra misses you.
Throwing (i - inventory. (,) - cycle):
y - 21 large rocks (quivered)
Press: ? - help, Shift-Dir - straight line, f - 14-headed hydra
Aim: a 14-headed hydra (almost dead)
You throw a large rock.
The large rock hits the 14-headed hydra.
The 14-headed hydra is almost dead.
The 14-headed hydra barely misses you.
The 14-headed hydra bites you but does no damage. x3
The 14-headed hydra bites you!
* * * LOW HITPOINT WARNING * * *
The 14-headed hydra bites you!
* * * LOW HITPOINT WARNING * * *
The 14-headed hydra barely misses you. The 14-headed hydra bites you!
* * * LOW HITPOINT WARNING * * *
The 14-headed hydra barely misses you. The 14-headed hydra bites you!
You die...

#P#..#.....P...#
##...##....#.....
#P...# .....#....
###..##.#...#..
#...........
#..........
#.##........
########Y.......
#...@DwYYY......
########........
r........
.........
##...[....
.........
P........ .......


You could see a 14-headed hydra, a torpor snail and 4 yaks.

Vanquished Creatures
  Rupert (Lair:3)
  Kirke (Lair:5)
  A stone giant (Orc:1)
  Snorg (Lair:7)
  A minotaur (Lab)
  A fire dragon (D:15)
  2 ogre magi (D:15)
  Josephine (Lair:5)
  An ice dragon (D:15)
  A catoblepas (Lair:3)
  6 hydras
  5 centaur warriors
  2 dancing weapons (D:13)
  A death knight (D:11)
  10 death yaks
  An orc high priest (Orc:1)
  A fire crab (Lair:8)
  3 unseen horrors
  7 hill giants
  A wolf spider zombie (D:12)
  A wizard (D:13)
  A deep elf mage (D:15)
  3 orc knights
  An orc sorcerer (Orc:2)
  11 ugly things
  3 manticores
  4 cyclopes
  5 elephants
  A black mamba (Lair:2)
  The ghost of nubinia the Thaumaturge, a novice DECj of Sif Muna (D:6)
  3 centaur zombies
  2 gargoyles
  11 spiny frogs
  3 rime drakes
  10 komodo dragons
  A kobold demonologist (D:14)
  4 tengu conjurers (D:14)
  An efreet (D:15)
  A polar bear (shapeshifter) (D:14)
  9 trolls
  A troll (shapeshifter) (D:13)
  A jumping spider (Lair:3)
  3 two-headed ogres (D:15)
  7 slime creatures
  20 blink frogs
  4 redbacks (Lair:3)
  A shadow (D:14)
  85 yaks
  5 wraiths
  5 basilisks
  2 wyverns
  A hog (Lair:5)
  10 hippogriffs
  A steam dragon (D:10)
  7 vampire mosquitoes
  4 wargs
  Menkaure (D:6)
  A hungry ghost (D:14)
  A mottled dragon (D:12)
  8 water moccasins
  A soldier ant (D:12)
  37 orc warriors
  11 porcupines
  3 ice beasts
  4 sky beasts
  3 phantoms
  3 boggarts (D:15)
  A black bear (D:12)
  An eye of draining (D:14)
  20 ogres
  4 wasps
  A necrophage (D:12)
  17 centaurs
  14 crocodiles
  19 wolves
  A big kobold (D:14)
  An elf zombie (Ossuary)
  15 giant frogs
  A wyvern skeleton (D:14)
  2 scorpions
  5 killer bees (D:9)
  14 wights
  3 giant frog zombies
  10 crimson imps
  16 orc priests
  6 hounds
  30 orc wizards
  3 centaur skeletons
  4 jellies
  A quasit (D:8)
  4 giant frog skeletons
  4 hell rats (Lair:8)
  11 iguanas
  10 worker ants
  A killer bee zombie (D:6)
  4 sheep
  6 big kobold zombies (Ossuary)
  A hound zombie (D:11)
  A hound skeleton (D:5)
  3 mummies
  11 gnolls
  7 adders
  69 river rats
  4 shadow imps
  6 oozes
  2 adder skeletons (D:7)
  4 worms
  3 dart slugs
  2 giant geckos
  101 orcs
  7 giant cockroaches
  10 goblins
  11 hobgoblins
  4 jackals (D:3)
  12 kobolds
  2 quokkas
  10 bats
  A giant cockroach zombie (D:6)
  6 giant newts
  2 gnoll zombies (Ossuary)
  2 hobgoblin zombies (Ossuary)
  3 orc zombies (Ossuary)
  8 rats
875 creatures vanquished.

Vanquished Creatures (others)
  A deep elf annihilator (D:4)
  A human (Lair:5)
  21 fungi
  2 plants (Lair:6)
25 creatures vanquished.

Grand Total: 900 creatures vanquished

Notes
Turn   | Place    | Note
--------------------------------------------------------------
     0 | D:1      | Ijustatesigmund the Troll Hunter began the quest for the Orb.
     0 | D:1      | Reached XP level 1. HP: 19/19 MP: 0/0
    76 | D:1      | Reached skill level 1 in Unarmed Combat
    78 | D:1      | Reached XP level 2. HP: 20/28 MP: 1/1
   720 | D:2      | Found a sparkling altar of Nemelex Xobeh.
   774 | D:2      | Reached XP level 3. HP: 30/35 MP: 2/2
   827 | D:2      | Reached skill level 2 in Unarmed Combat
   872 | D:2      | Found a white marble altar of Elyvilon.
   872 | D:2      | Found a burning altar of Makhleb.
  1088 | D:2      | Found an oddly glowing altar of Pakellas.
  1334 | D:2      | Reached XP level 4. HP: 44/44 MP: 3/3
  1556 | D:2      | Found an iron altar of Okawaru.
  1560 | D:2      | Became a worshipper of Warmaster Okawaru
  1761 | D:3      | Reached skill level 3 in Unarmed Combat
  1826 | D:3      | Reached XP level 5. HP: 13/53 MP: 4/4
  2287 | D:3      | Found a stormy altar of Qazlal.
  2289 | D:3      | Noticed an air elemental
  2290 | D:3      | Noticed a fire elemental
  2290 | D:3      | Noticed a water elemental
  2333 | D:3      | Found a blossoming altar of Fedhas.
  2472 | D:4      | Found a staircase to the Ecumenical Temple.
  2507 | D:4      | Reached skill level 4 in Unarmed Combat
  2507 | D:4      | Reached XP level 6. HP: 56/62 MP: 5/5
  2674 | D:4      | Found an oddly glowing altar of Pakellas.
  2675 | D:4      | Noticed a deep elf annihilator
  2683 | D:4      | Killed a deep elf annihilator
  3044 | D:5      | Entered Level 5 of the Dungeon
  3073 | D:5      | Reached * piety under Okawaru
  3373 | D:5      | Found Wilijorch's Magic Scroll Shoppe.
  3381 | D:5      | Bought 3 scrolls of identify for 60 gold pieces
  3381 | D:5      | Bought a scroll of enchant armour for 75 gold pieces
  3625 | D:6      | Noticed a sky beast
  3625 | D:6      | Noticed an ice beast
  3630 | D:6      | Killed a sky beast
  3630 | D:6      | Reached skill level 5 in Unarmed Combat
  3630 | D:6      | Reached XP level 7. HP: 71/71 MP: 6/6
  3686 | D:6      | Reached ** piety under Okawaru
  3730 | D:6      | Got a brightly glowing golden ring
  3752 | D:6      | Identified the ring "Nixe Huo" {rC+ Dex+6} (You found it on level 6 of the Dungeon)
  3802 | D:6      | Noticed nubinia's ghost (novice DECj)
  3805 | D:6      | Killed nubinia's ghost
  3805 | D:6      | Reached *** piety under Okawaru
  3805 | D:6      | Reached skill level 7 in Unarmed Combat
  3805 | D:6      | Reached XP level 8. HP: 79/79 MP: 4/7
  3925 | D:6      | Noticed Menkaure
  3931 | D:6      | Killed Menkaure
  3931 | D:6      | Reached skill level 8 in Unarmed Combat
  4127 | D:6      | Found a glowing silver altar of Zin.
  4377 | D:7      | Reached skill level 9 in Unarmed Combat
  4382 | D:7      | Reached **** piety under Okawaru
  4399 | D:7      | Reached skill level 10 in Unarmed Combat
  4508 | D:7      | Reached XP level 9. HP: 53/87 MP: 8/8
  4526 | D:7      | Found a sand-covered staircase.
  4535 | Ossuary  | Entered an ossuary
  5067 | D:7      | Reached skill level 11 in Unarmed Combat
  5169 | D:7      | Found an ancient bone altar of Kikubaaqudgha.
  5260 | D:8      | Reached ***** piety under Okawaru
  5276 | D:8      | Gained mutation: You can translocate small distances at will. [potion of beneficial mutation]
  5381 | D:8      | Found a bloodstained altar of Trog.
  5381 | D:8      | Found a snail-covered altar of Cheibriados.
  5528 | D:8      | Found a snail-covered altar of Cheibriados.
  5788 | D:8      | Found a flagged portal.
  5795 | D:8      | Reached skill level 12 in Unarmed Combat
  5820 | Bailey   | Entered a bailey
  6138 | D:9      | Received a gift from Okawaru
  6209 | D:9      | Reached skill level 5 in Fighting
  6240 | D:9      | Found Oshruok's General Store.
  6251 | D:9      | Bought a potion of agility for 48 gold pieces
  6265 | D:9      | Found a staircase to the Lair.
  6274 | D:9      | Found a shimmering altar of Xom.
  6279 | D:9      | Found a shimmering altar of Xom.
  6284 | D:9      | Reached XP level 10. HP: 60/96 MP: 6/9
  6286 | D:9      | Found a shimmering altar of Xom.
  6286 | D:9      | Found a shimmering altar of Xom.
  6286 | D:9      | Found a shimmering altar of Xom.
  6286 | D:9      | Found a shimmering altar of Xom.
  6287 | D:9      | Found a shimmering altar of Xom.
  6287 | D:9      | Found a shimmering altar of Xom.
  6575 | D:10     | Entered Level 10 of the Dungeon
  6581 | D:10     | Noticed a hill giant
  6599 | D:10     | Killed a hill giant
  6599 | D:10     | Received a gift from Okawaru
  6676 | D:10     | Reached skill level 13 in Unarmed Combat
  6752 | D:10     | Noticed a purple ugly thing
  6760 | D:10     | Killed a purple ugly thing
  6989 | D:10     | Noticed an orc knight
  7005 | D:10     | Killed an orc knight
  7005 | D:10     | Received a gift from Okawaru
  7016 | D:10     | Learned a level 1 spell: Summon Butterflies
  7436 | D:10     | Noticed a hill giant
  7446 | D:10     | Killed a hill giant
  7446 | D:10     | Reached skill level 1 in Summonings
  7974 | D:11     | Reached XP level 11. HP: 109/109 MP: 10/10
  8351 | D:12     | Reached skill level 1 in Invocations
  8398 | D:12     | Found a labyrinth entrance.
  8407 | Lab      | Entered a labyrinth
  8648 | Lab      | Noticed a minotaur
  8655 | Lab      | Killed a minotaur
  8655 | Lab      | Reached skill level 1 in Stealth
  8670 | Lab      | Got a faintly humming robe
  8681 | Lab      | Identified the +3 robe "Badoehywi" {rPois} (You found it in a labyrinth)
  8701 | D:12     | Learned a level 1 spell: Apportation
  8864 | D:12     | Noticed a centaur warrior
  8864 | D:12     | Noticed a four-headed hydra
  9168 | D:9      | Noticed a lindwurm
  9173 | Lair:1   | Entered Level 1 of the Lair of Beasts
  9302 | Lair:1   | Received a gift from Okawaru
  9391 | Lair:1   | Learned a level 2 spell: Repel Missiles
  9394 | Lair:1   | Learned a level 2 spell: Swiftness
  9559 | Lair:1   | Noticed an eight-headed hydra
  9665 | Lair:1   | Reached skill level 5 in Invocations
  9877 | Lair:1   | Reached skill level 14 in Unarmed Combat
 10943 | Lair:2   | Reached XP level 12. HP: 122/122 MP: 14/14
 11320 | Lair:3   | Received a gift from Okawaru
 11405 | Lair:3   | Noticed Rupert
 11703 | D:11     | Noticed a death knight
 11711 | D:11     | Killed a death knight
 12116 | D:12     | Killed a centaur warrior
 12116 | D:12     | Reached skill level 15 in Unarmed Combat
 12266 | D:12     | Found a staircase to the Orcish Mines.
 12629 | D:12     | Killed a seven-headed hydra
 12629 | D:12     | Reached skill level 10 in Fighting
 12735 | D:13     | Found Kanush's Assorted Antiques.
 12745 | D:13     | Bought a papyrus manual for 660 gold pieces
 12745 | D:13     | Bought a scroll of identify for 88 gold pieces
 12927 | D:13     | Found a gate to the Vaults.
 12986 | D:13     | Received a gift from Okawaru
 13015 | D:13     | Found Egeboig's General Store.
 13018 | D:13     | Bought a potion of heal wounds for 80 gold pieces
 13135 | D:13     | Reached XP level 13. HP: 128/135 MP: 15/15
 13332 | D:13     | Found Vaifaosm's Jewellery Boutique.
 13344 | D:13     | Found Dackeot's Gadget Emporium.
 13468 | D:13     | Found Piyps's Assorted Antiques.
 13470 | D:13     | Bought a potion of heal wounds for 130 gold pieces
 13783 | Orc:1    | Entered Level 1 of the Orcish Mines
 14293 | Orc:2    | Entered Level 2 of the Orcish Mines
 14357 | Orc:2    | Received a gift from Okawaru
 14588 | Orc:1    | Noticed a stone giant
 14607 | Orc:1    | Killed a stone giant
 14951 | Orc:2    | Found a staircase to the Elven Halls.
 15014 | Orc:2    | Found a bloodstained altar of Trog.
 15266 | Orc:2    | Received a gift from Okawaru
 15450 | Orc:2    | Reached skill level 1 in Armour
 15970 | Orc:2    | Found Uzoonn's Antique Armour Shop.
 15970 | Orc:2    | Found Kualepn's General Store.
 15973 | Orc:2    | Found Hiss's Jewellery Shoppe.
 15975 | Orc:2    | Found Gecvu's Antique Weapon Boutique.
 15980 | Orc:2    | Bought a potion of heal wounds for 65 gold pieces
 15980 | Orc:2    | Bought a scroll of identify for 26 gold pieces
 15992 | Orc:2    | Bought an uncursed ring of wizardry for 390 gold pieces
 16500 | D:14     | Reached skill level 1 in Air Magic
 16680 | D:14     | Reached skill level 1 in Charms
 17175 | D:14     | Received a gift from Okawaru
 17299 | D:15     | Entered Level 15 of the Dungeon
 17317 | D:15     | Reached skill level 5 in Armour
 17376 | D:15     | Reached XP level 14. HP: 135/144 MP: 16/16
 17450 | D:15     | Found a shadowy altar of Dithmenos.
 17593 | D:15     | Found a staircase to the Depths.
 18551 | D:15     | Reached ****** piety under Okawaru
 19184 | Lair:3   | Killed Rupert
 19184 | Lair:3   | Received a gift from Okawaru
 19419 | Lair:3   | Found a hole to the Spider Nest.
 20093 | Lair:4   | Found a staircase to the Swamp.
 20105 | Lair:4   | Reached skill level 10 in Armour
 20224 | Lair:4   | Reached skill level 5 in Throwing
 20276 | Lair:4   | Received a gift from Okawaru
 20823 | Lair:5   | Noticed Kirke
 20839 | Lair:5   | Killed Kirke
 20846 | Lair:5   | Noticed Josephine
 20971 | Lair:5   | Killed Josephine
 21055 | Lair:5   | Reached XP level 15. HP: 97/152 MP: 17/17
 21184 | Lair:5   | Received a gift from Okawaru
 21927 | Lair:6   | Received a gift from Okawaru
 22728 | Lair:7   | Reached skill level 16 in Unarmed Combat
 22741 | Lair:7   | Noticed Snorg
 22747 | Lair:7   | Killed Snorg
 23003 | Lair:7   | Received a gift from Okawaru
 23145 | Lair:7   | Found a staircase to the Slime Pits.
 23158 | Lair:7   | Found a shimmering altar of Xom.
 23549 | Lair:8   | Entered Level 8 of the Lair of Beasts
 23558 | Lair:8   | Received a gift from Okawaru
 24234 | Lair:8   | Slain by a 14-headed hydra

Vault maps used:
D:1:      minmay_arrival_cross
D:2:      marbit_many_paths, old_standard_altar,
          gammafunk_temple_overflow_statue, nemelex_deck, serial_bayou_crossing
D:3:      nicolae_overflow_hidden_temple, nicolae_qazlal_style_of_elements
D:4:      minmay_temple_entry_mist, first_bread,
          gammafunk_pakellas_spire_experiment
D:5:      serial_shops, shop, fountainhead, minmay_misc_feat_encased,
          serial_bayou_lake_a
D:6:      zin_treasury, kennysheep_generic_room_3, uniq_menkaure
D:7:      minmay_flawed_box, kennysheep_mini, gup_ossuary_entry_pyramid
D:8:      gammafunk_temple_overflow_wave, enter_bailey_2, basic_altar
D:9:      xom_shifter_show, lair_0_dummy, serial_shops, shop, grunt_ogre_cave
D:10:     minivault_20
D:11:     amalloy_card_club
D:12:     hiddenorc2_lemuel, lab_entry_generic, grunt_ministairs_15
D:13:     erik_vaults_1, serial_shops, shop, shop, nicolae_shop_stone,
          nicolae_shop_trees, shop
D:14:     small_statue_alley_a, corner_web_ring, eino_curves_03
D:15:     grunt_enter_depths_hoard, basic_altar, eino_curves_01
Lair:1:   minivault_11
Lair:2:   minmay_lair_oklob_items
Lair:3:   spider_nest_entry_funnel_web, guppyfry_lair_drakes,
          grunt_megastairs_5, uniq_rupert
Lair:4:   minmay_swamp_entry_swarm, grunt_megastairs_2
Lair:5:   fungi_pond_lemuel, uniq_kirke, uniq_josephine
Lair:6:   beast_lair_carwin_3
Lair:7:   nicolae_slime_entry_slimehenge, basic_altar, beast_lair_carwin_9,
          uniq_snorg
Lair:8:   evil_forest, infiniplex_staircase_pool, grunt_megastairs_3
Orc:2:    st_orc_rangers, bloody_trog
Lab:      labyrinth_hidden_loot, nicolae_lab_dead_end, labyrinth_lava_lair,
          labyrinth_skeletal_remains, nicolae_lab_starburst, nicolae_lab_diamond
Ossuary:  minmay_ossuary_gauntlet
Bailey:   bailey_polearm_gnolls_kennysheep, bailey

Skill      XL: |  1  2  3  4  5  6  7  8  9 10 11 12 13 14 15 |
---------------+----------------------------------------------+-----
Unarmed Combat | 1 2 3 4 5 7 10 12 13 14 15 16 | 16.3
Fighting       | 2 3 4 5 7 8 10 11 | 11.1
Summonings     | 2 |  2.1
Invocations    | 5 6 |  6.5
Stealth        | 3 |  3.0
Dodging        | 3 4 |  4.5
Throwing       | 4 6 8 |  8.4
Armour         | 5 10 11 | 11.0
Air Magic      | 2 |  2.5
Charms         | 2 |  2.4

Action                   |  1- 3 |  4- 6 |  7- 9 | 10-12 | 13-15 || total
-------------------------+-------+-------+-------+-------+-------++-------
Melee: Unarmed           |   123 |   169 |   266 |   603 |  1343 ||  2504
       Punch             |       |     3 |    17 |    68 |   165 ||   253
Throw: Large rock        |       |     4 |    11 |     3 |    35 ||    53
       Throwing net      |       |       |       |     3 |       ||     3
 Cast: Summon Butterflie |       |       |       |     2 |       ||     2
       Apportation       |       |       |       |     6 |       ||     6
       Repel Missiles    |       |       |       |       |     4 ||     4
Invok: Heroism           |       |       |     8 |    15 |    24 ||    47
       Finesse           |       |       |       |     1 |     7 ||     8
 Abil: Blink             |       |       |       |     2 |     3 ||     5
Evoke: Wand              |       |       |     4 |    16 |     6 ||    26
  Use: Scroll            |     6 |     6 |    11 |    15 |    16 ||    54
       Potion            |       |     1 |     2 |     1 |     6 ||    10
 Stab: Sleeping          |     1 |     7 |    13 |    14 |     9 ||    44
       Distracted        |       |       |     1 |     1 |     2 ||     4
  Eat: Chunk             |    18 |    12 |    33 |    62 |   100 ||   225
       Beef jerky        |       |       |     1 |       |       ||     1
       Fruit             |       |       |       |       |     4 ||     4
       Pizza             |       |       |       |       |     2 ||     2
Armor: Robe              |    38 |    40 |    72 |   160 |    59 ||   369
       Skin              |       |     2 |       |       |       ||     2
       Swamp dragon armo |       |       |       |       |   479 ||   479
Dodge: Dodged            |    67 |    76 |   106 |   221 |   857 ||  1327
       Deflected         |       |       |       |       |     5 ||     5
